 Dungeon Crawl Stone Soup version 0.30-a0-737-gf23d94013f (webtiles) character file.

Game seed: 11257622835730119375

3381 workcheese the Cleaver (level 9, -7/79 HPs)
             Began as a Minotaur Berserker on Feb 1, 2023.
             Was an Elder of Trog.
             Mangled by a wight
             ... wielding a +5 flail of freezing
              (18 damage)
             ... on level 7 of the Dungeon.
             The game lasted 00:19:26 (5781 turns).

workcheese the Cleaver (Minotaur Berserker)         Turns: 5781, Time: 00:19:27

Health: -7/79      AC: 16    Str: 32    XL:     9   Next: 74%
Magic:  8/8        EV:  9    Int:  4    God:    Trog [****..]
Gold:   489        SH:  0    Dex: 10    Spells: 8/8 levels left

rFire   . . .      SeeInvis .    D - +1 battleaxe
rCold   + . .      Faith    .    (shield currently unavailable)
rNeg    + . .      Spirit   .    v - +0 chain mail
rPois   .          Reflect  .    (helmet restricted)
rElec   .          Harm     +    r - +1 cloak
rCorr   +          Rampage  .    i - +1 pair of gloves
Will    ++...                    m - +0 pair of boots Stlth
                                 b - amulet "Boifock" {Acrobat Harm rC+ Str+6}
HPRegen 1.33/turn                A - ring of positive energy
MPRegen 0.11/turn                q - ring of resist corrosion

@: strong-willed, regenerating
A: horns 2, retaliatory headbutt
a: Renounce Religion, Berserk, Trog's Hand, Brothers in Arms


You were on level 7 of the Dungeon.
You worshipped Trog.
Trog was greatly pleased with you.
You visited 2 branches of the dungeon, and saw 8 of its levels.
You also visited: Sewer.

You collected 489 gold pieces.

Inventory:

Hand Weapons
 C - a +4 hand axe of freezing
 D - a +1 battleaxe (weapon)
Missiles
 k - 23 poisoned darts (quivered)
 y - 2 curare-tipped darts
Armour
 i - a +1 pair of gloves (worn)
 m - a +0 pair of boots (worn)
 r - a +1 cloak (worn)
 v - a +0 chain mail (worn)
Jewellery
 b - an amulet "Boifock" (around neck) {Acrobat Harm rC+ Str+6}
   (You acquired it on level 4 of the Dungeon)

   [amulet of the acrobat]

   It increases your evasion while moving and waiting.
   Str:       It affects your strength (+6).
   rC:        It protects you from cold.
   Harm:      It increases damage dealt and taken.
 o - a +6 ring of intelligence
 q - a ring of resist corrosion (right hand)
 A - a ring of positive energy (left hand)
Wands
 s - a wand of paralysis (10)
 B - a wand of flame (14)
Scrolls
 e - 4 scrolls of teleportation
 h - a scroll of magic mapping {unknown}
 l - a scroll of fear
 n - a scroll of amnesia {unknown}
 z - a scroll of torment {unknown}
Potions
 c - 5 potions of heal wounds
 d - a potion of invisibility {unknown}
 f - 4 potions of curing
 g - 3 potions of attraction
 j - a potion of lignification {unknown}
 p - a potion of cancellation {unknown}
 t - a potion of degeneration {unknown}
 u - a potion of flight {unknown}
 w - a potion of brilliance {unknown}
 x - 2 potions of berserk rage {unknown}


   Skills:
 + Level 7.2 Fighting
 - Level 14.0 Axes
 - Level 1.0 Throwing
 + Level 7.0 Armour
 - Level 2.3 Dodging


You had 8 spell levels left.
You didn't know any spells.
Your spell library was empty.

Dungeon Overview and Level Annotations

Branches:
Dungeon (7/15)             Temple (1/1) D:4           Sewer (visited)

Altars:
Cheibriados
Dithmenos
Elyvilon
Fedhas
Hepliaklqana
Makhleb
Nemelex Xobeh
Okawaru
Qazlal
Ru
Sif Muna
Trog
Uskayaw
Vehumet
Wu Jian
Xom
Yredelemnul
Zin
The Shining One

Portals:
Bailey: D:7

Annotations:
D:4 2 transporters, thurberlil's ghost, amateur TrNe
D:7 2 transporters, ASSMAN's ghost, novice OgCA; Grum


Innate Abilities, Weirdness & Mutations

You have a pair of horns on your head.
You reflexively headbutt those who attack you in melee.


Message History

You hit the wight.
The wight hits you with a +5 flail of freezing!
You partially resist.
You feel drained.
A wight comes into view. It is wielding a +3 falchion.
The wight closely misses you.
Things that are here:
a +5 great sword; a +0 robe You barely miss the wight.
Your headbutt misses the wight.
The wight is lightly damaged.
The wight hits you with a +5 flail of freezing!
The wight freezes you.
You closely miss the wight. Your headbutt misses the wight.
The wight is lightly damaged.
You hit the bullfrog.
The bullfrog hits you but does no damage.
The wight hits you with a +5 flail of freezing!
You slash the bullfrog! Your headbutt misses the bullfrog.
The bullfrog is severely wounded.
You closely miss the wight. You barely miss the wight.
The bullfrog completely misses you.
The bullfrog hits you but does no damage.
The wight hits you with a +3 falchion. The wight hits you but does no damage.
You slice the bullfrog!!
You kill the bullfrog!
Trog accepts your kill.
You closely miss the wight. You barely miss the wight.
The wight hits you with a +3 falchion.
The wight hits you with a +5 flail of freezing!
* * * LOW HITPOINT WARNING * * *
You partially resist.
You feel drained.
* * * LOW HITPOINT WARNING * * *
Your life force feels restored.
Your Armour skill increases to level 7!
Your skin crawls.
You feel strong-willed. The wight barely misses you. You furiously retaliate!
You headbutt the wight!
You destroy the wight!
Trog accepts your kill.
The wight hits you with a +5 flail of freezing!
You die...

#..#####. ##.......
###...##. #...#....
#####.###....
##.....# ##... #
#..##### #...
...##.#####.######
####
.......@...........
..
...#..)z##..#######
## #........... ..
#............. ##
......#########
.....### ######


You could see a wight.

Vanquished Creatures
  A sky beast (D:6)
  A black bear (D:6)
  2 ogres
  A centaur (D:6)
  5 phantoms
  A kobold brigand (D:7)
  2 necrophages (D:5)
  3 bullfrogs
  2 scorpions
  17 wights (D:7)
  3 killer bees (D:7)
  2 jellies
  2 howler monkeys
  Crazy Yiuf (D:3)
  2 gnoll boudas
  3 hounds
  An orc priest (D:5)
  Jessica (D:2)
  Terence (D:3)
  Ijyb (D:3)
  5 iguanas
  4 orc wizards
  Natasha (thrice) (D:3)
  11 gnolls
  8 adders
  A river rat (D:4)
  A shadow imp (D:7)
  3 white imps
  An ufetubus (D:7)
  4 worms
  2 dart slugs
  18 orcs
  5 bats
  4 endoplasms
  14 giant cockroaches
  5 goblins
  5 hobgoblins
  2 jackals (D:1)
  10 kobolds
  12 quokkas
  7 ball pythons
  7 frilled lizards
  8 rats
192 creatures vanquished.

Vanquished Creatures (others)
  6 plants (D:7)
6 creatures vanquished.

Grand Total: 198 creatures vanquished

Notes
Turn   | Place    | Note
-------+----------+-------------------------------------------
     0 | D:1      | workcheese the Minotaur Berserker began the quest for the
                  | Orb.
     0 | D:1      | Reached XP level 1. HP: 19/19 MP: 0/0
    34 | D:1      | Reached skill level 4 in Axes
    34 | D:1      | Reached XP level 2. HP: 16/27 MP: 1/1
   703 | D:2      | Reached ** piety under Trog
   749 | D:2      | Reached XP level 3. HP: 27/33 MP: 2/2
   868 | D:2      | Reached skill level 5 in Axes
   985 | D:2      | Noticed Jessica
  1004 | D:2      | Killed Jessica
  1005 | D:2      | Reached XP level 4. HP: 39/40 MP: 3/3
  1119 | D:3      | Noticed Natasha
  1127 | D:3      | Killed Natasha
  1128 | D:3      | Reached skill level 6 in Axes
  1156 | D:3      | Reached XP level 5. HP: 46/46 MP: 4/4
  1173 | D:3      | Reached skill level 7 in Axes
  1293 | D:3      | Identified the +1 hammer "Xyl Vuerirr" {flame, rF- rN++
                  | Dex+5}
  1295 | D:3      | Found a runed translucent door.
  1296 | D:3      | Noticed Crazy Yiuf
  1304 | D:3      | Killed Crazy Yiuf
  1305 | D:3      | Reached XP level 6. HP: 52/52 MP: 5/5
  1333 | D:3      | Noticed Ijyb
  1334 | D:3      | Noticed Natasha
  1334 | D:3      | Paralysed by Ijyb for 2 turns
  1339 | D:3      | Killed Natasha
  1344 | D:3      | Paralysed by Ijyb for 2 turns
  1349 | D:3      | Killed Ijyb
  1350 | D:3      | Reached skill level 1 in Throwing
  1486 | D:3      | Reached skill level 8 in Axes
  1540 | D:3      | Noticed Natasha
  1548 | D:3      | Killed Natasha
  1633 | D:3      | Noticed Terence
  1639 | D:3      | Killed Terence
  1773 | D:3      | Found a faded altar of an unknown god.
  1978 | D:4      | Found a staircase to the Ecumenical Temple.
  1989 | D:4      | Identified a scroll of acquirement
  1990 | D:4      | Acquired an amulet "Boifock" {Acrobat Harm rC+ Str+6}
  2102 | D:4      | Found a glowing drain.
  2111 | Sewer    | Entered a sewer
  2379 | Sewer    | Reached skill level 9 in Axes
  2379 | Sewer    | Reached XP level 7. HP: 59/59 MP: 6/6
  2416 | Sewer    | Identified the +0 trident "Jore Ext" {freeze, rF+ rC+ Dex-2
                  | SInv}
  2689 | D:4      | Found a transporter.
  2700 | D:4      | Found a transporter.
  2700 | D:4      | Noticed thurberlil's ghost (amateur TrNe)
  3008 | Temple   | Entered the Ecumenical Temple
  3202 | D:5      | Entered Level 5 of the Dungeon
  3227 | D:5      | Reached skill level 10 in Axes
  3328 | D:5      | Reached skill level 11 in Axes
  3463 | D:5      | Reached XP level 8. HP: 66/66 MP: 7/7
  3890 | D:5      | Reached skill level 12 in Axes
  4180 | D:6      | Reached *** piety under Trog
  4189 | D:6      | Found a shadowy altar of Dithmenos.
  4269 | D:6      | Reached skill level 13 in Axes
  4550 | D:6      | Reached XP level 9. HP: 71/71 MP: 8/8
  4672 | D:6      | Reached skill level 14 in Axes
  5221 | D:7      | Reached skill level 5 in Fighting
  5388 | D:7      | Found a flagged portal.
  5429 | D:7      | Found a transporter.
  5435 | D:7      | Noticed Grum
  5439 | D:7      | Identified the +9 trident "Seangeuki" {elec, rElec rC+
                  | Dex+2}
  5439 | D:7      | Identified the +3 ring mail "Canomuam" {rN+ Dex+2}
  5444 | D:7      | Noticed ASSMAN's ghost (novice OgCA)
  5519 | D:7      | Found a transporter.
  5572 | D:7      | Reached skill level 5 in Armour
  5733 | D:7      | Reached **** piety under Trog
  5781 | D:7      | Mangled by a wight

Illustrated notes

Levels and vault maps discovered:
D:1:      lightli_arrival_lavapool, layout_rooms
D:2:      layout_rooms, uniq_jessica
D:3:      layout_basic, hellmonk_ecumenical_altar_inner_sanctum,
          uniq_crazy_yiuf_cottage, uniq_terence, uniq_ijyb, uniq_natasha
D:4:      layout_cave_pools, minmay_temple_entry_large_hall,
          gammafunk_ghost_arena, gup_sewer_entry_bubbles
D:5:      layout_basic, serial_curves, eino_curves_02, eino_curves_02,
          eino_curves_01, eino_curves_03
D:6:      layout_loops_corners, mainiacjoe_overflow_surrounded_room,
          dk_vineyard_1, lemuel_flamethrower_2
D:7:      layout_rooms, enter_bailey_8, gammafunk_ghost_gnarly_gnolls
Temple:   nicolae_temple_bog_church

Skill      XL: |  1  2  3  4  5  6  7  8  9 |
---------------+----------------------------+-----
Axes           | 4 5 6 7 9 11 13 14 | 14.0
Fighting       | 4 7 |  7.2
Throwing       | 1 |  1.0
Armour         | 7 |  7.0
Dodging        | |  2.3

Action                     |  1- 3 |  4- 6 |  7- 9 || total
---------------------------+-------+-------+-------++-------
  Melee: Hand axe          |    88 |   182 |   198 ||   468
         Headbutt          |    12 |    25 |    37 ||    74
         Punch             |     1 |     1 |     4 ||     6
         Battleaxe         |       |       |    30 ||    30
  Throw: Dart              |       |     6 |     6 ||    12
 Invoke: Trog's Hand       |     1 |     5 |     4 ||    10
         Berserk           |     1 |     3 |     3 ||     7
    Use: Scroll            |       |     7 |     4 ||    11
   Stab: Sleeping          |     2 |       |       ||     2
 Armour: Animal skin       |     7 |       |       ||     7
         Ring mail         |    13 |    20 |       ||    33
         Chain mail        |       |    56 |    91 ||   147
         Scale mail        |       |     1 |       ||     1
  Dodge: Dodged            |    52 |    96 |    96 ||   244

Table legend: (Time is in decaauts)
 A = Elapsed time spent in this place.
 B = Non-inter-level travel time spent in this place.
 C = Inter-level travel time spent in this place.
 D = Time resting spent in this place.
 E = Time spent auto-exploring this place.
 F = Levels seen in this place.
 G = Mean time per level.
                   A        B        C        D        E       F      G
               +--------+--------+--------+--------+--------+-----+--------+
         Total |   5924 |   5642 |    282 |      1 |   4289 |   9 |  658.2 |
       Dungeon |   5151 |   4882 |    269 |      1 |   3728 |   7 |  735.9 |
        Temple |    183 |    170 |     13 |      0 |    157 |   1 |  183.0 |
         Sewer |    589 |    589 |      0 |      0 |    403 |   1 |  589.0 |
               +--------+--------+--------+--------+--------+-----+--------+

Top non-repeatable levels by time:
     D:6: 1011 daAuts
     D:5: 965 daAuts
     D:3: 922 daAuts
     D:1: 650 daAuts
   Sewer: 589 daAuts
     D:7: 566 daAuts
     D:4: 561 daAuts
     D:2: 474 daAuts
  Temple: 183 daAuts
